 Dungeon Crawl Stone Soup version 0.31-a0-1405-g2bb1a01664 (webtiles) character file.

Game seed: 13940340909338989257

1037 jlumianski the Ruffian (level 8, -16/60 HPs)
             Began as a Gnoll Shapeshifter on Dec 25, 2023.
             Was an Initiate of Wu Jian.
             Demolished by Menkaure (19 damage)
             ... on level 6 of the Dungeon.
             The game lasted 00:21:26 (3956 turns).

jlumianski the Ruffian (Gnoll Shapeshifter)         Turns: 3956, Time: 00:21:28

Health: -16/60     AC:  9    Str: 15    XL:     8   Next: 24%
Magic:  12/12      EV:  9    Int:  9    God:    Wu Jian [......]
Gold:   238        SH:  0    Dex: 19    Spells: 13/13 levels left

rFire   . .          .
                       - Unarmed
rCold   . . .        (no shield)
rNeg    . . .        p - +0 chain mail
rPois   .            (helmet currently unavailable)
rElec   .            (cloak currently unavailable)
rCorr   .            (gloves currently unavailable)
SInv    .            (boots currently unavailable)
Will    .....        F - amulet of reflection Stlth
                     v - +6 ring of dexterity
HPRegen 0.30/turn    (no ring)
MPRegen 0.13/turn

%: reflection
@: confused, lethally poisoned (-16 -> -31), beast-form, ambrosia-drunk
A: beast (slay +4), fangs 1, strong nose, distributed training
a: Begin Untransformation, Renounce Religion


You were on level 6 of the Dungeon.
You worshipped Wu Jian.
Wu Jian was noncommittal.
You were a hulking beast.
You visited 2 branches of the dungeon, and saw 7 of its levels.
You also visited: Sewer.

You collected 238 gold pieces.

Inventory:

Hand Weapons
 u - a +4 sling
 y - a +2 short sword of flaming
 A - the +0 trident of Fear {freeze, *Noise rPois Int+2 SInv}
   (You found it on level 4 of the Dungeon)

   Int+2:     It affects your intelligence (+2).
   rPois:     It protects you from poison SInv: It lets you see invisible.
   *Noise:    It may make a loud noise when swung.
Missiles
 g - 6 javelins
 m - 4 poisoned darts (quivered)
Armour
 a - a +0 animal skin
 f - a +0 ring mail
 h - a +0 pair of gloves
 n - a +1 helmet
 p - a +0 chain mail (worn)
Jewellery
 v - a +6 ring of dexterity (left hand)
 F - an amulet of reflection (around neck)
Talismans
 c - a beast talisman
 d - a flux talisman
Scrolls
 b - a scroll of blinking {unknown}
 i - a scroll of immolation
 k - a scroll of noise
 o - a scroll of enchant weapon
 q - 2 scrolls of poison
 r - a scroll of revelation
 t - a scroll of amnesia
 x - a scroll of enchant armour
 E - a scroll of silence {unknown}
Potions
 j - 5 potions of mutation
 s - a potion of haste {unknown}
 z - 2 potions of enlightenment
 C - a potion of curing {unknown}
 D - a potion of might {unknown}
 G - a potion of brilliance {unknown}


   Skills:
 + Level 4.1 Fighting
 + Level 3.2 Short Blades
 + Level 3.2 Long Blades
 + Level 3.2 Axes
 + Level 3.2 Maces & Flails
 + Level 3.2 Polearms
 + Level 3.2 Staves
 + Level 3.2 Ranged Weapons
 + Level 3.2 Throwing
 + Level 3.2 Armour
 + Level 5.6 Dodging
 + Level 3.2 Stealth
 + Level 3.2 Shields
 + Level 7.3 Unarmed Combat
 + Level 3.2 Spellcasting
 + Level 2.6 Conjurations
 + Level 2.6 Hexes
 + Level 2.6 Summonings
 + Level 2.6 Necromancy
 + Level 2.6 Translocations
 + Level 2.6 Fire Magic
 + Level 2.6 Ice Magic
 + Level 2.6 Air Magic
 + Level 2.6 Earth Magic
 + Level 2.6 Alchemy
 + Level 3.5 Invocations
 + Level 3.2 Evocations
 + Level 7.2 Shapeshifting


You had 13 spell levels left.
You didn't know any spells.
Your spell library contained the following spells:

 Spells                   Type           Power      Damage    Failure   Level
 Hailstorm                Conj/Ice       6%         3d5       99%         3
 Summon Ice Beast         Ice/Summ       6%         N/A       100%        4
 Simulacrum               Ice/Necr       3%         N/A       100%        6


Dungeon Overview and Level Annotations

Branches:
Dungeon (6/15)             Temple (1/1) D:5           Sewer (visited)

Altars:
Ashenzari
Dithmenos
Elyvilon
Fedhas
Hepliaklqana
Nemelex Xobeh
Okawaru
Qazlal
Ru
Sif Muna
Trog
Uskayaw
Wu Jian
Xom
Yredelemnul
Zin

Shops:
D:6 (

Annotations:
D:6 Jeremiah, Menkaure


Innate Abilities, Weirdness & Mutations

You are a hulking beast.
Your limbs bulge with bestial killing power. (Slay +4)
You have very sharp teeth.
Your uncanny sense of smell can sniff out nearby items.
Your experience applies equally to all skills.


Message History

The water moccasin is almost dead.
The water moccasin completely misses you.
You closely miss the water moccasin.
The water moccasin is almost dead.
The water moccasin bites you.
* * * LOW HITPOINT WARNING * * *
You are lethally poisoned!
The water moccasin poisons you!
Menkaure calls on the powers of darkness!
Your body is wracked with pain!
* * * LOW HITPOINT WARNING * * *
You feel much better.
You feel very sick. The water moccasin bites you!
* * * LOW HITPOINT WARNING * * *
You are lethally poisoned!
The water moccasin poisons you! You block the water moccasin's attack.
Okay, then.
Unknown command.
As you read the scroll of fear, it crumbles to dust.
You assume a fearsome visage.
Menkaure is unaffected.
The water moccasin looks frightened!
The ufetubus looks frightened!
* * * LOW HITPOINT WARNING * * *
You feel extremely sick.
Cornered, the water moccasin turns to fight!
You hit the water moccasin.
You kill the water moccasin!
The Council accepts your kill.
* * * LOW HITPOINT WARNING * * *
You feel very sick.
Menkaure calls on the powers of darkness!
Your body is wracked with pain!
* * * LOW HITPOINT WARNING * * *
It was a potion of ambrosia.
You are confused.
You feel invigorated.
* * * LOW HITPOINT WARNING * * *
You feel very sick. Menkaure hits you!!
You die...

****,**,**,#≈P.#.)...#
*,,,,,*#,#..D#..#.##
*******#.#####.##.#
#FbbM.5b...#* ******
#bb.∩bb.....# #.,,,*
#.b.........# #.**,*
#####b.##...#
#.##+#######*,,..b#*...#
#......hM†.#*,###.#*...#
##.....###.##.###.#*...#
####.....#
#....M....,,,..
#........#
#..........,,,*
*####....#
#........,,,,,, #....#
##.......,,**** #...<#
*.......,,* ######
*....|..,,* *##..?..,,*


You could see Menkaure (fast).

Vanquished Creatures
  Sigmund (D:3)
  Eustachio (D:6)
  A water moccasin (D:6)
  A black bear (D:6)
  A scorpion (D:4)
  A bombardier beetle (D:5)
  3 hounds
  3 iguanas
  2 orc wizards
  A hell rat (Sewer)
  6 adders
  5 river rats (Sewer)
  An ufetubus (D:6)
  5 worms
  4 dart slugs
  14 orcs
  7 bats
  8 endoplasms
  A giant cockroach (D:4)
  8 goblins
  2 hobgoblins
  3 jackals (D:4)
  10 quokkas
  2 ball pythons
  6 frilled lizards
  9 kobolds
  10 rats
116 creatures vanquished.

Notes
Turn   | Place    | Note
-------+----------+-------------------------------------------
     0 | D:1      | jlumianski the Gnoll Shapeshifter began the quest for the
                  | Orb.
     0 | D:1      | Reached XP level 1. HP: 17/17 MP: 1/1
   157 | D:1      | Reached XP level 2. HP: 20/23 MP: 2/2
   291 | D:1      | Reached XP level 3. HP: 26/28 MP: 3/3
   479 | D:1      | Reached skill level 1 in Invocations
   804 | D:3      | Reached skill level 1 in Short Blades
   804 | D:3      | Reached skill level 1 in Long Blades
   804 | D:3      | Reached skill level 1 in Axes
   804 | D:3      | Reached skill level 1 in Maces & Flails
   804 | D:3      | Reached skill level 1 in Polearms
   804 | D:3      | Reached skill level 1 in Staves
   804 | D:3      | Reached skill level 1 in Ranged Weapons
   804 | D:3      | Reached skill level 1 in Throwing
   804 | D:3      | Reached skill level 1 in Armour
   804 | D:3      | Reached skill level 1 in Stealth
   804 | D:3      | Reached skill level 1 in Shields
   804 | D:3      | Reached skill level 1 in Spellcasting
   804 | D:3      | Reached skill level 1 in Evocations
   963 | D:3      | Noticed Sigmund
   996 | D:2      | Reached XP level 4. HP: 34/34 MP: 5/5
  1171 | D:2      | Found a faded altar of an unknown god.
  1245 | D:3      | Killed Sigmund
  1246 | D:3      | Reached skill level 1 in Conjurations
  1246 | D:3      | Reached skill level 1 in Hexes
  1246 | D:3      | Reached skill level 1 in Summonings
  1246 | D:3      | Reached skill level 1 in Necromancy
  1246 | D:3      | Reached skill level 1 in Translocations
  1246 | D:3      | Reached skill level 1 in Fire Magic
  1246 | D:3      | Reached skill level 1 in Ice Magic
  1246 | D:3      | Reached skill level 1 in Air Magic
  1246 | D:3      | Reached skill level 1 in Earth Magic
  1246 | D:3      | Reached skill level 1 in Alchemy
  1246 | D:3      | Reached XP level 5. HP: 30/41 MP: 5/7
  1347 | D:3      | Reached XP level 6. HP: 39/47 MP: 8/8
  1378 | D:3      | Reached skill level 5 in Dodging
  1950 | D:4      | Found a glowing drain.
  1996 | Sewer    | Entered a sewer
  2007 | Sewer    | Reached XP level 7. HP: 48/52 MP: 10/10
  2290 | D:4      | Identified the +0 trident of Fear {freeze, *Noise rPois
                  | Int+2 SInv}
  2302 | D:5      | Entered Level 5 of the Dungeon
  2314 | D:5      | Found a glowing silver altar of Zin.
  2561 | D:3      | Found an iron altar of Okawaru.
  3129 | D:5      | Found a staircase to the Ecumenical Temple.
  3156 | Temple   | Entered the Ecumenical Temple
  3171 | Temple   | Became a worshipper of the Wu Jian Council
  3875 | D:6      | Found a shimmering altar of Xom.
  3877 | D:6      | Found a hazy altar of Hepliaklqana.
  3879 | D:6      | Noticed a spectral ugly thing
  3890 | D:6      | Found Idoock's Hydra Hut.
  3891 | D:6      | Noticed Eustachio
  3907 | D:6      | Killed Eustachio
  3908 | D:6      | Reached XP level 8. HP: 40/60 MP: 12/12
  3910 | D:6      | Noticed Menkaure
  3911 | D:6      | Noticed a five-headed hydra
  3911 | D:6      | Noticed Jeremiah
  3955 | D:6      | HP: 3/60 [??? (1)]
  3956 | D:6      | Demolished by Menkaure

Illustrated notes

Levels and vault maps discovered:
D:1:      minmay_arrival_glassed_features, layout_loops_ring
D:2:      layout_rooms, chequers_ecumenical_altar_lobes, grunt_ministairs_15
D:3:      layout_loops_corners, nicolae_overflow_hidden_temple, uniq_sigmund
D:4:      layout_rooms, cheibrodos_sewer_entry_bend, grunt_ministairs_8
D:5:      layout_rooms, grunt_temple_overflow_lords_of_destruction,
          kennysheep_little_box, minmay_temple_entry_mist, uniq_ijyb
D:6:      layout_basic, regret_index_temple_of_mockery, lemuel_doored_altar,
          enter_ossuary_3, doesnt_shop_hydraphobe, uniq_eustachio,
          uniq_jeremiah, uniq_menkaure
Temple:   hc_temple_tempest_star

Skill      XL: |  1  2  3  4  5  6  7 |
---------------+----------------------+-----
Invocations    | 1 2 3 |  3.5
Short Blades   | 1 2 3 |  3.2
Long Blades    | 1 2 3 |  3.2
Axes           | 1 2 3 |  3.2
Maces & Flails | 1 2 3 |  3.2
Polearms       | 1 2 3 |  3.2
Staves         | 1 2 3 |  3.2
Ranged Weapons | 1 2 3 |  3.2
Throwing       | 1 2 3 |  3.2
Armour         | 1 2 3 |  3.2
Stealth        | 1 2 3 |  3.2
Shields        | 1 2 3 |  3.2
Spellcasting   | 1 2 3 |  3.2
Evocations     | 1 2 3 |  3.2
Fighting       | 3 4 |  4.1
Conjurations   | 1 2 |  2.6
Hexes          | 1 2 |  2.6
Summonings     | 1 2 |  2.6
Necromancy     | 1 2 |  2.6
Translocations | 1 2 |  2.6
Fire Magic     | 1 2 |  2.6
Ice Magic      | 1 2 |  2.6
Air Magic      | 1 2 |  2.6
Earth Magic    | 1 2 |  2.6
Alchemy        | 1 2 |  2.6
Dodging        | 5 |  5.6
Unarmed Combat | 7 |  7.3
Shapeshifting  | 7 |  7.2

Action                     |  1- 3 |  4- 6 |  7- 9 || total
---------------------------+-------+-------+-------++-------
  Melee: Unarmed           |    70 |    98 |   138 ||   306
         Bite              |     7 |     7 |    14 ||    28
         Punch             |     1 |     2 |    11 ||    14
  Throw: Dart              |       |     2 |       ||     2
Ability: Lunge             |       |       |     4 ||     4
    Use: Scroll            |       |     6 |     9 ||    15
         Potion            |       |       |     5 ||     5
 Armour: Ring mail         |    33 |       |       ||    33
         Chain mail        |    19 |    46 |   107 ||   172
         Skin              |       |       |    26 ||    26
  Dodge: Dodged            |    25 |    30 |    76 ||   131
  Block: Other             |       |       |    15 ||    15

Table legend: (Time is in decaauts)
 A = Elapsed time spent in this place.
 B = Non-inter-level travel time spent in this place.
 C = Inter-level travel time spent in this place.
 D = Time resting spent in this place.
 E = Time spent auto-exploring this place.
 F = Levels seen in this place.
 G = Mean time per level.
                   A        B        C        D        E       F      G
               +--------+--------+--------+--------+--------+-----+--------+
         Total |   3951 |   3789 |    162 |    197 |   1605 |   8 |  493.9 |
       Dungeon |   3773 |   3611 |    162 |    189 |   1605 |   6 |  628.8 |
        Temple |     32 |     32 |      0 |      0 |      0 |   1 |   32.0 |
         Sewer |    145 |    145 |      0 |      8 |      0 |   1 |  145.0 |
               +--------+--------+--------+--------+--------+-----+--------+

Top non-repeatable levels by time:
     D:3: 1037 daAuts
     D:4: 1024 daAuts
     D:1: 735 daAuts
     D:2: 439 daAuts
     D:5: 391 daAuts
     D:6: 146 daAuts
   Sewer: 145 daAuts
  Temple: 32 daAuts
